AoeStats
← <johnny>bravo

Migration

509791471Analyzed
1v1 RM · 3d ago on Sep 28, 2026· 33m 47s· 2 players
Game mode
Random Map
Map size
132×132
Population
200
Speed
Normal
Resources
Standard
Victory
Conquest
Starting age
Dark Age
Ending age
Imperial Age
RankedLock teamsTeams togetherTeam positionsShared explorationLock speedFull tech treeHidden civsTurbo modeCheats
Victory
Defeat
🇲🇽 Cumans · Mexico
771
+15
🇺🇸 Britons · United States
740
-15
<johnny>bravo
12:44 Feudal Age
13:08 Fishing Lines
13:31 Double-Bit Axe
23:08 Castle Age
21:07 Gold Mining
21:09 Stone Mining
22:12 Wheelbarrow
21:30 Loom
21:31 Town Watch
24:29 Fletching
26:18 Gold Shaft Mining
26:02 Hand Cart
25:24 Demolition Ship
26:01 Gillnets
27:58 Bow Saw
31:11 Treadmill Crane
31:56 Ballistics
31:49 Heated Shot
32:44 Murder Holes
jorgedb13
3:19 Loom
12:15 Feudal Age
12:47 Double-Bit Axe
14:42 Horse Collar
22:34 Castle Age
21:15 Fishing Lines
22:20 Wheelbarrow
21:31 Town Watch
22:28 Bloodlines
25:18 Heavy Plow
26:33 Medium Warships
27:50 Bow Saw
29:29 Capped Ram
Connection lost

Rejoining the realm…

Still unreachable

The connection could not be restored.

Session expired

The server has moved on; the page needs a fresh start.